 Dungeon Crawl Stone Soup version 0.21-a0-529-g8c7b3f5 (webtiles) character file.

14 slep the Chopper (level 2, 0/15 HPs)
             Began as a Vine Stalker Gladiator on Dec 12, 2017.
             Slain by an adder (4 damage)
             ... on level 2 of the Dungeon.
             The game lasted 00:01:13 (884 turns).

slep the Chopper (Vine Stalker Gladiator)            Turns: 884, Time: 00:01:13

Health: 0/15       AC:  4    Str: 16    XL:     2   Next: 45%
Magic:  0/3        EV: 13    Int:  8    God:
Gold:   161        SH:  0    Dex: 15    Spells: 1/1 levels left

rFire    . . .     SeeInvis .   a - +0 war axe
rCold    . . .     Gourm    .   (no shield)
rNeg     . . .     Faith    .   b - +0 leather armour
rPois    .         Spirit   +   c - +0 helmet
rElec    .         Reflect  .   (no cloak)
rCorr    .         Harm     .   (no gloves)
MR       .....                  (no boots)
Stlth    +.........             (no amulet)
HPRegen  0.05/turn              (no ring)
MPRegen  0.08/turn              (no ring)

@: lethally poisoned (0 -> -4)
A: fangs 2, magic shield, antimagic bite, no potion heal 3, rot immunity
a: no special abilities


You were on level 2 of the Dungeon.
You were not hungry.

You visited 1 branch of the dungeon, and saw 2 of its levels.

You collected 161 gold pieces.

Inventory:

Hand Weapons
 a - a +0 war axe (weapon)
Missiles
 d - 3 throwing nets (quivered)
Armour
 b - a +0 leather armour (worn)
 c - a +0 helmet (worn)
Scrolls
 e - 2 scrolls of noise {unknown}
 g - a scroll of blinking {unknown}
 h - 2 scrolls of amnesia {unknown}
 i - 2 scrolls of teleportation {unknown}
 j - a scroll of enchant armour {unknown}
Comestibles
 f - a bread ration


   Skills:
 + Level 1.9 Fighting
 + Level 3.0 Axes
 + Level 1.9 Throwing
 + Level 0.1 Armour
 + Level 2.6 Dodging


You had one spell level left.
You didn't know any spells.

Dungeon Overview and Level Annotations

Branches:
Dungeon (2/15)

Altars:


Innate Abilities, Weirdness & Mutations

You have extremely sharp teeth.
When hurt, damage is shared between your health and your magic reserves.
Your bite disrupts and absorbs the magic of your enemies.
Potions cannot restore your health.
You are immune to rotting.


Message History

The adder completely misses you. The adder barely misses you.
The adder bites you.
You closely miss the adder. Your bite misses the adder.
The adder is moderately wounded.
You closely miss the adder.
You feel sick. The adder closely misses you. The adder barely misses you.
You miss the adder. You bite the adder. You drain its power.
You feel invigorated.
The adder is moderately wounded.
You closely miss the adder. You barely miss the rat.
The adder closely misses you. The adder bites you.
* * * LOW HITPOINT WARNING * * *
The rat misses you. The adder bites you but does no damage.
The adder barely misses you. The rat barely misses you.
You miss the adder. Your bite misses the adder.
The adder is moderately wounded.
You miss the adder. You hit the rat.
You kill the rat!
The adder misses you. x3; The adder bites you.
You die...

..... ........ ... ..
##... #..#...##..#..
#.....
#..#!..#..#...##.....
#......#.##.#.##.....
#........##.#.##.....
.###....................
......†SS.........#.....
#....@..........#.....
#...............#.....
#......(............##
#................####
#...............##
#..............##
...............##
..........###.## .#####
#..#


You could see 2 adders.

Vanquished Creatures
  A hobgoblin (D:1)
  4 bats
  3 frilled lizards (D:2)
  2 goblins (D:1)
  7 rats
17 creatures vanquished.

Notes
Turn   | Place    | Note
-------+----------+-------------------------------------------
     0 | D:1      | slep the Vine Stalker Gladiator began the quest for the Orb.
     0 | D:1      | Reached XP level 1. HP: 11/11 MP: 2/2
   610 | D:1      | Reached XP level 2. HP: 12/15 MP: 3/3
   848 | D:2      | Reached skill level 3 in Axes
   884 | D:2      | Slain by an adder

Vault maps used:
D:1:      saegor_arrival_simple_d, hangedman_decor_lopped, minmay_box_of_dots
D:2:      grunt_gozag_statues, first_bread, minmay_crystal_room

Skill      XL: |  1  2 |
---------------+-------+-----
Axes           | 3 |  3.0
Fighting       | |  1.9
Throwing       | |  1.9
Armour         | |  0.1
Dodging        | |  2.6

Action                   || total
-------------------------++-------
Melee: War axe           ||    28
       Bite              ||     7
Armor: Leather armour    ||     9
Dodge: Dodged            ||    39

Table legend:
 A = Spawn XP
 B = Non-spawn XP
 C = Spawn XP percentage of total XP
 D = Spawn monster count
 E = Non-spawn monster count
 F = Spawn count percentage of total count
 G = Total turns spent on level
                    A         B        C        D         E        F      G
               +---------+---------+-------+---------+---------+-------+---------
         Total |       0 |      21 |   0.0 |       0 |      17 |   0.0 |   884
               +---------+---------+-------+---------+---------+-------+---------
           D:1 |       0 |      11 |   0.0 |       0 |       8 |   0.0 |   840
           D:2 |       0 |      10 |   0.0 |       0 |       9 |   0.0 |    44
               +---------+---------+-------+---------+---------+-------+---------
